 Dungeon Crawl Stone Soup version 0.14-a0-1719-ga7e7698 (webtiles) character file.

9269 Jenx the Grappler (level 11, -10/84 HPs)
             Began as a Troll Monk on Jan 1, 2014.
             Was a High Priest of Makhleb.
             Killed from afar by a raiju (20 damage)
             ... with a living lightning
             ... on Level 1 of the Abyss.
             The game lasted 00:36:57 (8749 turns).

Jenx the Grappler (Troll Monk)                      Turns: 8749, Time: 00:36:57

HP -10/84        AC  7     Str 21      XL: 11   Next: 15%
MP  17/17        EV 12     Int  7      God: Makhleb [*****.]
Gold 424         SH  0     Dex 10      Spells:  3 memorised,  2 levels left

rFire  . . .     SeeInvis .       - Unarmed
rCold  . . .     Clarity  .     v - +2 robe
rNeg   . . .     Conserve .     (shield restricted)
rPois  .         rCorr    .     (helmet restricted)
rElec  .         rRot     .     D - +0 elf cloak
SustAb . .       Spirit   .     (gloves unavailable)
rMut   .         Warding  .     (boots unavailable)
Gourm  +         Stasis   .     m - amulet of rage
                                w - ring of sustenance
                                y - +2 ring of evasion

@: somewhat resistant to hostile enchantments, fairly stealthy
A: unfitting armour, claws 3, clumsy 2, deformed body, deterioration 1, fast
metabolism 3, frail 1, gourmand, regeneration 2, saprovore 2, shaggy fur 1,
tough skin 2
a: Minor Destruction, Lesser Servant of Makhleb, Major Destruction, Greater
Servant of Makhleb, Renounce Religion, Evoke Berserk Rage


You were on level 1 of the Abyss.
You worshipped Makhleb.
Makhleb was extremely pleased with you.
You were very full.

You visited 2 branches of the dungeon, and saw 11 of its levels.
You visited the Abyss 1 time.
You also visited: Ossuary.

You collected 424 gold pieces.

Inventory:

Hand weapons
 a - a +0,+0 giant spiked club
 e - a +3,+2 elven dagger of electrocution
 i - a cursed +2,+4 quarterstaff of chaos
 G - the cursed +8,+2 hand axe of Severance {vamp, rPois rF- rC+ MR++ SInv, unknown}
   (You found it on level 5 of the Dungeon)

   It inflicts no extra harm, but heals its wielder somewhat when it strikes a
   living foe.
   It makes you vulnerable to fire.
   It protects you from cold.
   It protects you from poison.
   It affects your resistance to hostile enchantments.
   It enhances your eyesight.
   It has a curse placed upon it.
Missiles
 L - 7 darts of flame
 V - a poisoned javelin (quivered)
Armour
 q - a +1 dwarven shield
 v - a +2 robe (worn)
 D - a +0 elven cloak (worn)
Magical devices
 d - a wand of flame (16)
 f - a wand of draining (8) {unknown}
 p - a wand of invisibility (5)
 t - a wand of digging (10)
 z - a wand of random effects (16) {unknown}
Comestibles
 b - 6 meat rations
 k - a choko
 s - 5 bread rations
 W - 9 cheeses
Scrolls
 c - 2 scrolls of magic mapping
 g - a scroll of random uselessness
 h - a scroll of recharging {unknown}
 o - 3 scrolls of fear
 r - 8 scrolls of teleportation
 B - a scroll of curse jewellery {unknown}
 C - a scroll of amnesia
 H - 10 scrolls of remove curse
 I - 2 scrolls of noise {unknown}
 K - a scroll of enchant armour {unknown}
 T - a scroll of immolation {unknown}
 U - 2 scrolls of identify
 X - a scroll of blinking {unknown}
Jewellery
 l - a cursed ring of teleportation
 m - an amulet of rage (around neck)
 w - a ring of sustenance (right claw)
 y - a +2 ring of evasion (left claw)
 Q - an uncursed ring of protection from fire
Potions
 j - a potion of paralysis {unknown}
 n - 2 potions of agility
 u - a potion of heal wounds
 E - a potion of cure mutation {unknown}
 M - a potion of might {unknown}
 N - a potion of degeneration {unknown}
 O - a potion of confusion {unknown}
 P - a potion of lignification {unknown}
 R - a potion of berserk rage {unknown}
 S - 2 potions of speed
Magical staves
 x - an uncursed staff of fire
 J - an uncursed staff of earth {unknown}


   Skills:
 - Level 2.4 Fighting
 - Level 0.3 Throwing
 - Level 2.4 Dodging
 - Level 1.1 Stealth
 + Level 14.5 Unarmed Combat
 - Level 7.0 Invocations
 - Level 4.1 Evocations


You had 2 spell levels left.
You knew the following spells:

 Your Spells              Type           Power        Failure   Level  Hunger
a - Flight                Chrm/Air       #.........   96%         3    ####...
b - Regeneration          Chrm/Necr      #.........   96%         3    ####...
c - Song of Slaying       Chrm           #.......     73%         2    ###....


Dungeon Overview and Level Annotations

Branches:
Dungeon (10/16)            Temple (1/1) D:6             Orc (0/4) D:9
   Lair: D:8-11

Altars:
Ashenzari
Cheibriados
Elyvilon
Fedhas
Kikubaaqudgha
Makhleb
Nemelex Xobeh
Sif Muna
Trog
Vehumet
Xom
Yredelemnul
Zin
the Shining One
Beogh

Annotations:
D:10 Sonja


Innate Abilities, Weirdness & Mutations

You are too large for most types of armour.
You have claws for hands.
Your metabolism is lightning-fast.
You like to eat raw meat.
You heal very quickly.
You can eat rotten meat.
You are covered in fur (AC +1).
You have very tough skin (AC +2).
[You are very clumsy. (Dex -4)]
[Armour fits poorly on your strangely shaped body.]
[Your body is slowly deteriorating.]
[You are frail (-10% HP).]


Message History

Drink which item? (? for menu, Esc to quit)
You can't drink that!
You claw the raiju!
The raiju is almost dead.
The raiju bites you.
* * * LOW HITPOINT WARNING * * *
The raiju shocks you!
* * * LOW HITPOINT WARNING * * *
You miss the raiju.
The raiju is almost dead.
The raiju misses you.
Use which ability? (? or * to list)
Press: ? - help, Shift-Dir - straight line, f - raiju
Aim: a raiju (almost dead, misshapen and mutated)
The zap hits the raiju.
The raiju completely resists.
The raiju is almost dead.
You feel slightly less full.
The raiju bursts into living lightning!
The living lightning hits you!
You die...

.# #. ## ##
#.###. #.#
#...#.#..##...#
#.. #.#......# #
#
#..###.....##....
#...#h......# .#
. ##.#.@......#.
.. #
#.#######..#.. ..
. # #
.....##..#.#. ..
..#.....# .... ..
# ## .##. ## .#.
.. #. #... . .
#.# ###..## ..#
.. #. ##. # #.
### #. ..


You could see a raiju.

Vanquished Creatures
  A wretched star (Abyss:1)
  The ghost of Restia the Carver, an experienced DsFi of Okawaru (D:8)
  The ghost of Psiweapon the Sneak, an experienced OpAr of Nemelex Xobeh (D:7)
  An orange demon (D:8)
  A feature mimic (D:9)
  A two-headed ogre (D:9)
  Prince Ribbit (D:9)
  A hog (D:7)
  A wyvern (D:8)
  A hill giant zombie (D:9)
  2 yaks (D:7)
  2 hippogriffs
  Menkaure (D:5)
  12 orc warriors
  A yellow wasp (D:10)
  A small abomination (Abyss:1)
  A human (D:7)
  3 necrophages (D:7)
  3 sky beasts
  An ice beast (D:6)
  2 phantoms
  6 ogres
  A centaur (D:9)
  A jelly (D:8)
  Sigmund (D:2)
  Duvessa (D:9)
  2 big kobolds (D:9)
  3 giant frogs
  A wyvern zombie (D:9)
  A manticore zombie (D:6)
  3 killer bees (D:9)
  3 wights (D:9)
  A goliath beetle (D:6)
  A giant frog zombie (D:9)
  Dowan (D:9)
  10 crimson imps
  3 hounds
  A scorpion (D:5)
  Crazy Yiuf (D:2)
  A human zombie (Ossuary)
  2 iguanas
  11 orc priests
  A gnoll shaman (D:8)
  9 orc wizards
  3 worker ants
  A sheep (D:7)
  2 ogre zombies (D:7)
  Ijyb (D:3)
  Jessica (D:3)
  3 mummies (Ossuary)
  10 gnolls
  10 adders
  8 worms
  3 adder zombies
  An adder skeleton (D:6)
  A giant eyeball (D:4)
  5 giant geckos
  An ooze (D:1)
  65 orcs
  2 ball pythons
  16 bats
  A bat skeleton (D:5)
  5 giant cockroaches
  11 hobgoblins
  2 jackals (D:2)
  32 kobolds
  A quokka (D:6)
  5 giant newts
  A gnoll zombie (Ossuary)
  10 goblins
  A goblin skeleton (D:3)
  3 goblin zombies (Ossuary)
  2 hobgoblin skeletons (D:8)
  4 hobgoblin zombies
  A jackal skeleton (D:4)
  5 kobold zombies
  An orc zombie (D:7)
  2 quokka zombies (Ossuary)
  8 rats
  2 rat zombies (Ossuary)
  A bush (D:7)
335 creatures vanquished.

Vanquished Creatures (others)
  A neqoxec (D:8)
  3 plants (D:7)
4 creatures vanquished.

Grand Total: 339 creatures vanquished

Notes
Turn   | Place    | Note
--------------------------------------------------------------
     0 | D:1      | Jenx, the Troll Monk, began the quest for the Orb.
     0 | D:1      | Reached XP level 1. HP: 22/22 MP: 1/1
   204 | D:1      | Reached XP level 2. HP: 29/29 MP: 1/1
   814 | D:1      | Reached skill level 5 in Unarmed Combat
   814 | D:1      | Reached XP level 3. HP: 34/36 MP: 2/2
  1441 | D:2      | Reached XP level 4. HP: 28/44 MP: 2/2
  1452 | D:2      | Reached skill level 6 in Unarmed Combat
  1678 | D:2      | Noticed Crazy Yiuf
  1692 | D:2      | Killed Crazy Yiuf
  1692 | D:2      | Reached XP level 5. HP: 34/50 MP: 2/2
  1823 | D:2      | Noticed Sigmund
  1843 | D:2      | Killed Sigmund
  1843 | D:2      | Reached skill level 7 in Unarmed Combat
  1847 | D:2      | Noticed a phantom
  1883 | D:2      | Killed a phantom
  1883 | D:2      | Reached XP level 6. HP: 27/59 MP: 3/3
  2112 | D:3      | Noticed Jessica
  2118 | D:3      | Killed Jessica
  2313 | D:3      | Noticed Ijyb
  2319 | D:3      | Killed Ijyb
  2456 | D:3      | Found a white marble altar of Elyvilon.
  2713 | D:4      | Reached skill level 8 in Unarmed Combat
  2872 | D:4      | Reached XP level 7. HP: 62/66 MP: 3/3
  2975 | D:4      | Found a shattered altar of Ashenzari.
  3373 | D:4      | Reached skill level 9 in Unarmed Combat
  3417 | D:5      | Entered Level 5 of the Dungeon
  3427 | D:5      | Found a bloodstained altar of Trog.
  3439 | D:5      | Noticed Menkaure
  3445 | D:5      | Killed Menkaure
  3500 | D:5      | Got an encrusted hand axe
  3757 | D:5      | Reached skill level 10 in Unarmed Combat
  3839 | D:5      | Reached XP level 8. HP: 67/74 MP: 3/3
  3875 | D:5      | Reached skill level 1 in Evocations
  4057 | D:6      | Found a basalt altar of Yredelemnul.
  4149 | D:6      | Found a sand-covered staircase.
  4159 | Ossuary  | Entered an ossuary
  4466 | D:6      | Found a staircase to the Ecumenical Temple.
  4478 | Temple   | Entered the Ecumenical Temple
  4491 | Temple   | Became a worshipper of Makhleb the Destroyer
  4491 | Temple   | Acquired Makhleb's first power
  4491 | Temple   | Acquired Makhleb's second power
  4557 | D:6      | Reached skill level 1 in Invocations
  5257 | D:7      | Reached XP level 9. HP: 58/80 MP: 9/11
  5300 | D:7      | Noticed Psiweapon's ghost (experienced OpAr)
  5315 | D:7      | Killed Psiweapon's ghost
  5315 | D:7      | Reached skill level 5 in Invocations
  5348 | D:7      | Found a blossoming altar of Fedhas.
  5430 | D:7      | Acquired Makhleb's third power
  5695 | D:7      | Reached skill level 11 in Unarmed Combat
  5845 | D:8      | Noticed Restia's ghost (experienced DsFi)
  5847 | D:8      | Noticed an orange demon
  5885 | D:8      | HP: 4/80 [poisoned by an orange demon]
  5886 | D:8      | HP: 1/80 [poisoned by an orange demon]
  5890 | D:8      | Killed Restia's ghost
  5890 | D:8      | Reached XP level 10. HP: 7/88 MP: 16/16
  5895 | D:8      | Killed an orange demon
  6279 | D:8      | Found a basalt altar of Yredelemnul.
  6456 | D:8      | Reached skill level 12 in Unarmed Combat
  6596 | D:8      | Found a bloodstained altar of Trog.
  6600 | D:8      | Found a sparkling altar of Nemelex Xobeh.
  6852 | D:8      | Acquired Makhleb's fourth power
  6994 | D:8      | Learned a level 3 spell: Flight
  7271 | D:9      | Noticed Dowan
  7275 | D:9      | Noticed Duvessa
  7289 | D:9      | Killed Dowan
  7298 | D:9      | Killed Duvessa
  7533 | D:9      | Found a roughly hewn altar of Beogh.
  7564 | D:9      | Reached skill level 13 in Unarmed Combat
  7643 | D:9      | Noticed Prince Ribbit
  7650 | D:9      | Killed Prince Ribbit
  7662 | D:9      | Acquired Makhleb's fifth power
  7881 | D:9      | Learned a level 3 spell: Regeneration
  7884 | D:9      | Learned a level 2 spell: Song of Slaying
  8145 | D:9      | Found a staircase to the Orcish Mines.
  8157 | D:9      | Reached skill level 14 in Unarmed Combat
  8443 | D:9      | Reached XP level 11. HP: 90/94 MP: 17/17
  8471 | D:10     | Entered Level 10 of the Dungeon
  8568 | D:10     | Noticed Sonja
  8585 | D:10     | Cast into the Abyss (Sonja)
  8725 | Abyss:1  | Noticed a wretched star
  8733 | Abyss:1  | Killed a wretched star
  8749 | Abyss:1  | Killed from afar by a raiju

Action                   |  1- 3 |  4- 6 |  7- 9 | 10-12 || total
-------------------------+-------+-------+-------+-------++-------
Melee: Unarmed           |   146 |   111 |   395 |   345 ||   997
Throw: Dart              |     1 |     2 |     2 |     3 ||     8
       Javelin           |       |     4 |     5 |     3 ||    12
Invok: Minor Destruction |       |       |     6 |    37 ||    43
       Lesser Servant of |       |       |     2 |       ||     2
       Major Destruction |       |       |       |    15 ||    15
  Use: Scroll            |     1 |     5 |     3 |     4 ||    13
       Potion            |       |       |     6 |     9 ||    15
 Stab: Sleeping          |       |       |     4 |     1 ||     5
       Distracted        |       |       |     1 |       ||     1
